 Dungeon Crawl Stone Soup version 0.31-a0-1101-g9ad1905 (webtiles) character file.

Game seed: 4224349194928741327

19489 Devouring0ne the Brawler (level 12, -3/157 (165) HPs)
             Began as an Armataur Fighter on Dec 1, 2023.
             Was an Initiate of Gozag.
             Slain by an ettin
             ... wielding a +0 dire flail
              (20 damage)
             ... on level 2 of the Orcish Mines.
             The game lasted 00:24:59 (11549 turns).

Devouring0ne the Brawler (Armataur Fighter)        Turns: 11549, Time: 00:24:59

HP:   -3/157 (165)  AC: 26    Str: 17 (23) XL:     12   Next: 37%
MP:   12/12         EV:  1    Int:  8 (11) God:    Gozag
Gold: 417           SH:  3    Dex:  5 (10) Spells: 11/11 levels left

rFire   . .          .
                       - Unarmed
rCold   + . .        b - +0 buckler
rNeg    . . .        t - melded +2 troll leather armour {Pargi}
rPois   +            c - melded +0 helmet
rElec   .            F - melded +0 cloak
rCorr   +            k - melded +0 pair of gloves
SInv    +            (no barding)
Will    +....        a - amulet of Lacroad {Regen+ Int+3}
Stlth   +            z - ring "Ywohir" {+Blink rPois rC+ rCorr Str-4}
HPRegen 1.26/turn    L - ring of see invisible
MPRegen 0.13/turn

%: roll
@: mighty, tree-form, enlightened, hasted, lightly drained, invisible, very
quick
A: stationary, stasis, torment immunity, boosted hp, large, (deformed body),
(tough skin 3), (armoured tail), roll 2, long tongue
a: Renounce Religion, Evoke Blink, Potion Petition, Call Merchant, Bribe Branch


You were on level 2 of the Orcish Mines.
You worshipped Gozag.
Gozag was aware of your devotion.
You were a tree.
You visited 3 branches of the dungeon, and saw 15 of its levels.
You also visited: Sewer, Ossuary and Gauntlet.

You collected 2652 gold pieces.
You spent 180 gold pieces at shops.
You paid 2055 gold pieces to Gozag.

Inventory:

Missiles
 s - 17 poisoned darts
Armour
 b - a +0 buckler (worn)
 c - a +0 helmet (melded)
 k - a +0 pair of gloves (melded)
 t - a +2 troll leather armour (melded) {Pargi}
 F - a +0 cloak (melded)
 K - the +1 chain mail of Truth {Regen+}
   (You found it in a Gauntlet)

   Regen+:    It increases your rate of health regeneration.
Jewellery
 a - the amulet of Lacroad (around neck) {Regen+ Int+3}
   (You found it in a Gauntlet)

   [amulet of regeneration]

   Int+3:     It affects your intelligence (+3).
   Regen+:    It increases your rate of health regeneration.
 z - the ring "Ywohir" (left branch) {+Blink rPois rC+ rCorr Str-4}
   (You took it off a minotaur in a Gauntlet)

   [ring of protection from cold]

   Str-4:     It affects your strength (-4).
   rC+:       It protects you from cold.
   rPois:     It protects you from poison +Blink: It lets you blink.
   rCorr:     It protects you from acid and corrosion.
 L - a ring of see invisible (right branch)
Wands
 j - a wand of charming (10)
 u - a wand of flame (48)
 A - a wand of quicksilver (1)
 E - a wand of iceblast (5)
Scrolls
 d - 4 scrolls of enchant weapon
 e - 2 scrolls of fog
 o - a scroll of noise
 p - a scroll of amnesia
 r - 2 scrolls of blinking
 w - 2 scrolls of teleportation
 H - a scroll of summoning {unknown}
 I - a scroll of enchant armour
Potions
 f - 3 potions of brilliance
 g - 4 potions of curing
 h - a potion of degeneration
 i - 3 potions of mutation
 l - 2 potions of enlightenment {unknown}
 m - 2 potions of magic {unknown}
 n - a potion of berserk rage {unknown}
 q - 2 potions of cancellation
 v - 2 potions of attraction
 B - a potion of resistance
 D - a potion of haste
 G - a potion of invisibility {unknown}


   Skills:
 + Level 11.5 Fighting
 - Level 3.6 Armour
 - Level 3.2 Shields
 * Level 15.3 Unarmed Combat


You had 11 spell levels left.
You didn't know any spells.
Your spell library contained the following spells:

 Spells                   Type           Power      Damage    Failure   Level
 Tukima's Dance           Hex            0%         N/A       86%         3
 Animate Armour           Summ/Erth      0%         N/A       99%         4
 Dimensional Bullseye     Hex/Tloc       0%         N/A       99%         4
 Iskenderun's Mystic Bla  Conj/Tloc      0%         2d3       99%         4
 Summon Lightning Spire   Summ/Air       0%         N/A       99%         4
 Alistair's Intoxication  Tmut/Pois      0%         N/A       100%        5
 Borgnjor's Vile Clutch   Necr/Erth      0%         N/A       100%        5
 Lee's Rapid Deconstruct  Erth           0%         3d4*      100%        5
 Eringya's Noxious Bog    Tmut/Pois      0%         4d6       100%        6


Dungeon Overview and Level Annotations

Branches:
Dungeon (12/15)            Temple (1/1) D:7            Lair (0/5) D:9
    Orc (2/2) D:11          Sewer (visited)         Ossuary (visited)
Gauntlet (visited)
    Elf: Orc:2

Altars:
Ashenzari
Cheibriados
Dithmenos
Elyvilon
Fedhas
Gozag
Hepliaklqana
Kikubaaqudgha
Makhleb
Nemelex Xobeh
Okawaru
Qazlal
Sif Muna
Trog
Uskayaw
Vehumet
Wu Jian
Xom
Yredelemnul

Shops:
D:10 *   Orc:1 [(=

Portals:
Trove: D:10 (give 2 scrolls of acquirement)

Annotations:
D:3 1 transporter, Sigmund
D:12 Rupert
Temple 2 transporters


Innate Abilities, Weirdness & Mutations

You are a tree.
Your roots penetrate the ground, keeping you stationary.
You cannot be teleported.
You are immune to unholy pain and torment.
Your maximum health is greatly increased.
Your equipment is partially melded.
((Armour fits poorly on your strangely shaped body.))
((You have extremely tough skin. (AC +3)))
((You have a long armoured tail.))
You roll and regenerate health when moving toward enemies. (Rampage Heal)
Your long tongue fully drains potion bottles. (2x potion effects)


Message History

A troll comes into view.
The troll shouts!
You are too injured to fight recklessly!
You are too injured to fight recklessly!
You feel better.
You slurp down every last drop of the potion of curing!
You hear a shout!
The ettin hits you with a +0 dire flail.
You block the ettin's attack.
You feel better.
You slurp down every last drop of the potion of curing!
The ettin hits you with a +0 dire flail!!
The ettin hits you with a +1 dire flail of protection!!
* * * LOW HITPOINT WARNING * * *
[a] - 957 gold - haste, heal wounds, resistance and invisibility [b] - 308 gold - curing and magic [c] - 168 gold - heal wounds and curing Purchase which effect?
You feel much better.
You feel better. The ettin completely misses you.
The ettin hits you with a +1 dire flail of protection!
Aiming: Quicksilver Bolt
Press: ? - help, Q - select action, (/) - cycle Shift-Dir - straight line, p - ettin The bolt of dispelling energy hits the ettin!
The ettin is severely wounded.
The ettin hits you but does no damage.
The ettin hits you with a +1 dire flail of protection!!
* * * LOW HITPOINT WARNING * * *
[a] - 378 gold - haste and brilliance [b] - 594 gold - invisibility, might, haste and enlightenment [c] - 408 gold - lignification, might and resistance Purchase which effect?
You no longer have enough gold to fund merchants seeking to open stores in the dungeon.
You fade into invisibility!
You feel very mighty all of a sudden.
You feel yourself speed up.
Your roots keep you in place.
You hear the rapid rumble of an avalanche of rocks very nearby.
The ettin hits you with a +0 dire flail!
* * * LOW HITPOINT WARNING * * *
The ettin hits you with a +1 dire flail of protection!!
You die...
Your body crumbles into a pile of gold.

............ ..
........(#$#....
..........(.....
......#.....#...
................
.........<..#..
..............## .
##.....$....C...###..
............♣......##
............).......#
.............$......
#.........#...T.#...
.#................
#..$$........#...
#.$$..##.#.##....
#..<...####.#...#
#...#.##
..............


You could see an ettin (unable to see you) and a troll (unable to see you).

Vanquished Creatures
  A minotaur (Gauntlet)
  Harold (D:11)
  An orc high priest (Orc:1)
  2 two-headed ogres (D:10)
  2 sixfirhies (Gauntlet)
  An orb spider (D:10)
  Pikel (D:5)
  An ugly thing (D:11)
  An orc sorcerer (Orc:1)
  2 cyclopes
  4 elephants (Gauntlet)
  A gargoyle (D:12)
  A torpor snail (Gauntlet)
  2 kobold demonologists
  A queen bee (Gauntlet)
  5 trolls
  A ynoxinul (D:9)
  2 wraiths
  9 yaks (D:10)
  3 steam dragons
  An acid dragon (D:11)
  2 vampire mosquitoes (D:10)
  2 wargs (Orc:1)
  Pargi (Sewer)
  A water moccasin (D:8)
  6 orc warriors
  3 ice beasts
  2 black bears
  5 sky beasts
  5 boggarts
  5 ogres
  4 centaurs
  A phantom (D:2)
  2 kobold brigands
  A gnoll sergeant (D:11)
  4 bullfrogs
  3 scorpions
  An elf zombie (Ossuary)
  5 wights (D:9)
  10 killer bees
  5 howler monkeys
  A jelly (D:5)
  8 orc priests
  4 hounds
  A gnoll bouda (D:10)
  A sleepcap (D:6)
  9 iguanas
  17 orc wizards
  3 mummies (Ossuary)
  16 gnolls
  3 river rats (D:5)
  9 adders
  2 white imps
  2 ufetubi (D:9)
  3 adder zombies (Ossuary)
  2 worms (D:5)
  3 dart slugs
  55 orcs
  6 endoplasms
  3 giant cockroaches
  11 goblins
  11 hobgoblins
  10 jackals
  2 quokkas
  6 ball pythons
  5 bats
  3 frilled lizards
  4 goblin zombies (Ossuary)
  16 kobolds
  2 kobold zombies (Ossuary)
  5 quokka zombies (Ossuary)
  12 rats
  3 rat zombies (Ossuary)
349 creatures vanquished.

Vanquished Creatures (collateral kills)
  A ynoxinul (D:9)
  A gnoll bouda (D:9)
  7 gnolls
  An adder (D:5)
  5 ufetubi (D:9)
  3 orcs (D:5)
  2 kobolds (D:7)
20 creatures vanquished.

Vanquished Creatures (others)
  A water moccasin (D:7)
  An orc (Orc:2)
  2 kobolds (D:7)
4 creatures vanquished.

Grand Total: 373 creatures vanquished

Notes
Turn   | Place    | Note
-------+----------+-------------------------------------------
     0 | D:1      | Devouring0ne the Armataur Fighter began the quest for the
                  | Orb.
     0 | D:1      | Reached XP level 1. HP: 18/18 MP: 1/1
    56 | D:1      | Reached skill level 2 in Unarmed Combat
   242 | D:1      | Reached XP level 2. HP: 25/25 MP: 2/2
   465 | D:1      | Reached XP level 3. HP: 31/31 MP: 3/3
   726 | D:1      | You fall into a shaft and drop 1 floor!
   730 | D:2      | Reached skill level 3 in Unarmed Combat
   752 | D:2      | Found a stormy altar of Qazlal.
   823 | D:2      | Reached XP level 4. HP: 20/38 MP: 4/4
  1131 | D:2      | Noticed a phantom
  1151 | D:2      | Killed a phantom
  1152 | D:2      | Reached skill level 4 in Unarmed Combat
  1152 | D:2      | Reached XP level 5. HP: 10/46 MP: 5/5
  1740 | D:3      | Noticed Sigmund
  1886 | D:3      | Found a white marble altar of Elyvilon.
  1927 | D:3      | Found a transporter.
  2013 | D:4      | Noticed a black bear
  2053 | D:4      | Killed a black bear
  2054 | D:4      | Reached XP level 6. HP: 24/52 MP: 6/6
  2302 | D:4      | Reached skill level 5 in Unarmed Combat
  3061 | D:5      | Entered Level 5 of the Dungeon
  3071 | D:5      | Gained mutation: You roll and regenerate health when moving
                  | toward enemies. (Rampage Heal) [Armataur growth]
  3071 | D:5      | Reached XP level 7. HP: 44/60 MP: 7/7
  3134 | D:5      | Noticed Pikel
  3285 | D:5      | Found a stormy altar of Qazlal.
  3294 | D:5      | Found a shadowy altar of Dithmenos.
  3413 | D:5      | Found a glowing drain.
  3421 | Sewer    | Entered a sewer
  3470 | Sewer    | Reached skill level 6 in Unarmed Combat
  3588 | Sewer    | Noticed Pargi
  3604 | Sewer    | Killed Pargi
  3605 | Sewer    | Reached skill level 5 in Fighting
  3935 | D:5      | Found a broken altar of Ashenzari.
  4040 | D:5      | Reached skill level 7 in Unarmed Combat
  4120 | D:5      | Killed Pikel
  4121 | D:5      | Reached skill level 8 in Unarmed Combat
  4121 | D:5      | Reached XP level 8. HP: 25/70 MP: 8/8
  5168 | D:6      | Found a burning altar of Makhleb.
  5488 | D:7      | Reached skill level 9 in Unarmed Combat
  5488 | D:7      | Reached XP level 9. HP: 78/78 MP: 9/9
  5827 | D:7      | Found a shimmering blue altar of Sif Muna.
  5975 | D:7      | Found a staircase to the Ecumenical Temple.
  5993 | Temple   | Found a transporter.
  5993 | Temple   | Found a transporter.
  5993 | Temple   | Found a transporter.
  5993 | Temple   | Found a transporter.
  5993 | Temple   | Entered the Ecumenical Temple
  6005 | Temple   | Became a worshipper of Gozag Ym Sagoz the Greedy
  6192 | D:8      | Reached skill level 10 in Unarmed Combat
  6246 | D:8      | Found a sand-covered staircase.
  6254 | Ossuary  | Entered an ossuary
  6929 | D:9      | Noticed a troll
  6958 | D:9      | Reached XP level 10. HP: 64/88 MP: 10/10
  6964 | D:9      | Reached skill level 11 in Unarmed Combat
  7101 | D:9      | Noticed an orange demon
  7104 | D:9      | Noticed a soul eater
  7354 | D:9      | Found a staircase to the Lair.
  7553 | D:10     | Entered Level 10 of the Dungeon
  7732 | D:10     | Noticed a two-headed ogre
  7741 | D:10     | Killed a two-headed ogre
  7742 | D:10     | Reached skill level 12 in Unarmed Combat
  7783 | D:10     | Noticed a two-headed ogre
  7915 | D:10     | Found a portal to a secret trove of treasure.
  8129 | D:10     | a two-headed ogre changed into an orb spider
  8129 | D:10     | Noticed an orb spider
  8144 | D:10     | Killed an orb spider
  8145 | D:10     | Reached XP level 11. HP: 51/99 MP: 11/11
  8363 | D:10     | Noticed a two-headed ogre
  8374 | D:10     | Killed a two-headed ogre
  8375 | D:10     | Reached skill level 13 in Unarmed Combat
  8707 | D:11     | Found a staircase to the Orcish Mines.
  8747 | D:11     | Noticed Harold
  8771 | D:11     | Killed Harold
  8772 | D:11     | Reached skill level 10 in Fighting
  9191 | D:11     | Noticed a cyan ugly thing
  9374 | D:11     | Killed a cyan ugly thing
  9459 | D:11     | Noticed a boulder beetle
  9944 | D:12     | Reached skill level 14 in Unarmed Combat
  9974 | D:12     | Noticed Maurice
  9975 | D:12     | Maurice changed into Maurice the centaur
  9975 | D:12     | Noticed Maurice
  9979 | D:12     | Killed Maurice the centaur
 10012 | D:12     | Found a gate leading to a gauntlet.
 10035 | Gauntlet | Entered a Gauntlet
 10035 | Gauntlet | Found a runed translucent door.
 10035 | Gauntlet | Found a transporter.
 10035 | Gauntlet | Found a runed translucent door.
 10035 | Gauntlet | Found a transporter.
 10048 | Gauntlet | Found a transporter.
 10051 | Gauntlet | Found a transporter.
 10059 | Gauntlet | Found a transporter.
 10063 | Gauntlet | Found a transporter.
 10074 | Gauntlet | Found a transporter.
 10080 | Gauntlet | Noticed an entropy weaver
 10084 | Gauntlet | Noticed a sixfirhy
 10084 | Gauntlet | Noticed a sixfirhy
 10084 | Gauntlet | Noticed a sixfirhy
 10088 | Gauntlet | Found a transporter.
 10090 | Gauntlet | Noticed a sixfirhy
 10103 | Gauntlet | Found a transporter.
 10107 | Gauntlet | Found a transporter.
 10110 | Gauntlet | Noticed a sixfirhy
 10115 | Gauntlet | Found a transporter.
 10119 | Gauntlet | Found a transporter.
 10393 | Gauntlet | Identified the amulet of Lacroad {Regen+ Int+3}
 10403 | Gauntlet | Killed a sixfirhy
 10404 | Gauntlet | Reached XP level 12. HP: 54/110 MP: 12/12
 10406 | Gauntlet | Identified the ring "Ywohir" {+Blink rPois rC+ rCorr Str-4}
 10406 | Gauntlet | Noticed a minotaur
 10479 | Gauntlet | Killed a minotaur
 10519 | Gauntlet | Identified the +1 chain mail of Truth {Regen+}
 10519 | Gauntlet | Identified the +5 battleaxe of Faihye {pain, rC+ Dex+2}
 10548 | D:12     | Noticed Rupert
 10647 | Orc:1    | Entered Level 1 of the Orcish Mines
 10684 | Orc:1    | Reached skill level 15 in Unarmed Combat
 10711 | Orc:1    | Found Innuad's Jewellery Emporium.
 10724 | Orc:1    | Bought a ring of see invisible for 180 gold pieces
 10768 | Orc:1    | Found Qextic's Antique Weapon Boutique.
 10825 | Orc:2    | Entered Level 2 of the Orcish Mines
 10825 | Orc:2    | Noticed an ettin
 11016 | Orc:1    | Noticed an orc high priest
 11055 | Orc:1    | Killed an orc high priest
 11203 | Orc:1    | Found Defupoz's Antique Armour Shop.
 11549 | Orc:2    | Slain by an ettin

Illustrated notes

Levels and vault maps discovered:
D:1:      dpeg_arrival_morbid_curiosity, layout_loops_ring
D:2:      layout_basic, basic_altar, roderic_serpentine_path,
          hangedman_decor_points, minivault_25
D:3:      layout_loops_ring, elyvilon_altar_4, grunt_temple_overflow_diamond,
          gammafunk_ghost_gnarly_gnolls, minmay_misc_feat_square,
          minmay_misc_feat_nine_boxes, grunt_ministairs_2,
          chequers_decorated_corner, minmay_ruptured, uniq_sigmund
D:4:      layout_loops_ring, chequers_serial_rivers_small_b
D:5:      layout_loops_corners, kennysheep_mini_moat, grunt_dithmenos_smoke,
          evilmike_ruin_ashenzari, lightli_sewer_entry_pipes,
          minmay_statues_item, amethyst_killhole, uniq_pikel
D:6:      layout_loops_ring, makhleb_heckhound_becter, nrook_loot_triangle
D:7:      layout_cave_pools, old_standard_altar, minmay_temple_entry_butterflies
D:8:      layout_gridville, chequers_ossuary_entry_cave
D:9:      layout_rooms, lair_entry_dummy, minivault_23, nicolae_fort_ynox
D:10:     kennysheep_spiral_hall, layout_gridville, enter_trove_2,
          nicolae_tricolors
D:11:     layout_basic, orc_0_dummy, nicolae_houndstooth_variations, uniq_harold
D:12:     layout_basic, gauntlet_entry_generic, serial_shops,
          nicolae_shop_competitors_out_of_business, uniq_maurice, uniq_rupert
Temple:   hellmonk_temple_divided_pantheon
Orc:1:    layout_caves, serial_shops, nicolae_shop_peninsula, shop,
          nicolae_shop_scrapyard
Orc:2:    pf_orc_diabolical, layout_caves, nicolae_volcano_entry_lava_flow,
          basic_altar, nooodl_orcs_dogs

Skill      XL: |  1  2  3  4  5  6  7  8  9 10 11 12 |
---------------+-------------------------------------+-----
Unarmed Combat | 2 3 4 5 8 9 10 12 14 15 | 15.3
Fighting       | 3 4 6 8 9 11 | 11.5
Armour         | |  3.6
Shields        | |  3.2

Action                     |  1- 3 |  4- 6 |  7- 9 | 10-12 || total
---------------------------+-------+-------+-------+-------++-------
  Melee: Unarmed           |   124 |   173 |   441 |   582 ||  1320
         Tailslap          |     9 |    12 |    65 |    77 ||   163
  Throw: Dart              |       |       |     2 |     9 ||    11
         Throwing net      |       |       |       |     4 ||     4
 Invoke: Call Merchant     |       |       |       |     1 ||     1
         Potion Petition   |       |       |       |     3 ||     3
  Evoke: Wand              |       |       |    25 |    17 ||    42
    Use: Potion            |       |     1 |       |    17 ||    18
         Scroll            |       |     8 |     9 |    10 ||    27
   Stab: Distracted        |       |       |       |     2 ||     2
         Invisible         |       |       |       |     3 ||     3
         Held in net/web   |       |       |       |     1 ||     1
 Armour: Scale mail        |    76 |   121 |    59 |       ||   256
         Troll leather arm |       |       |   277 |   464 ||   741
         Skin              |       |       |       |    18 ||    18
  Dodge: Dodged            |    42 |    55 |   130 |   169 ||   396
  Block: Buckler           |    18 |    22 |    60 |    94 ||   194

Table legend: (Time is in decaauts)
 A = Elapsed time spent in this place.
 B = Non-inter-level travel time spent in this place.
 C = Inter-level travel time spent in this place.
 D = Time resting spent in this place.
 E = Time spent auto-exploring this place.
 F = Levels seen in this place.
 G = Mean time per level.
                   A        B        C        D        E       F      G
               +--------+--------+--------+--------+--------+-----+--------+
         Total |  11366 |   9958 |   1408 |    743 |   6332 |  18 |  631.4 |
       Dungeon |   9499 |   8338 |   1161 |    490 |   5741 |  12 |  791.6 |
        Temple |     28 |      7 |     21 |      0 |      0 |   1 |   28.0 |
  Orcish Mines |    867 |    641 |    226 |    115 |    209 |   2 |  433.5 |
         Sewer |    296 |    296 |      0 |     86 |    106 |   1 |  296.0 |
       Ossuary |    211 |    211 |      0 |      0 |    144 |   1 |  211.0 |
      Gauntlet |    463 |    463 |      0 |     51 |    132 |   1 |  463.0 |
               +--------+--------+--------+--------+--------+-----+--------+

Top non-repeatable levels by time:
     D:5: 1224 daAuts
    D:10: 1203 daAuts
     D:4: 1158 daAuts
    D:11: 1072 daAuts
     D:2: 1048 daAuts
   Orc:1: 804 daAuts
     D:6: 763 daAuts
     D:1: 724 daAuts
     D:9: 706 daAuts
     D:8: 612 daAuts
     D:7: 546 daAuts
Gauntlet: 463 daAuts
   Sewer: 296 daAuts
     D:3: 224 daAuts
    D:12: 215 daAuts
